 Dungeon Crawl Stone Soup version 0.28.0 (webtiles) character file.

Game seed: 16582235608460971902

198 Kaptain the Digger (level 5, -3/33 HPs)
             Began as an Octopode Earth Elementalist on Feb 18, 2022.
             Slain by a gnoll sergeant (13 damage)
             ... on level 4 of the Dungeon.
             The game lasted 00:07:18 (3564 turns).

Kaptain the Digger (Octopode Earth Elementalist)    Turns: 3564, Time: 00:07:18

Health: -3/33      AC:  1    Str:  7    XL:     5   Next: 76%
Magic:  0/9        EV: 13    Int: 20    God:
Gold:   140        SH:  0    Dex: 12    Spells: 3/10 levels left

rFire   . . .      SeeInvis .   g - +0 short sword
rCold   . . .      Faith    .   (no shield)
rNeg    . . .      Spirit   .   (helmet restricted)
rPois   .          Reflect  .   (no amulet)
rElec   .          Harm     .   (no ring)
rCorr   .          Rampage  .   (no ring)
Will    .....                   (no ring)
Stlth   +++.......              (no ring)
HPRegen 0.11/turn               (no ring)
MPRegen 0.11/turn               (no ring)
                                (no ring)
                                (no ring)

@: no status effects
A: almost no armour, amphibious, 8 rings, camouflage 1, gelatinous body 1,
(nimble swimmer 1), tentacles
a: no special abilities


You were on level 4 of the Dungeon.
You visited 1 branch of the dungeon, and saw 4 of its levels.

You collected 140 gold pieces.

Inventory:

Hand Weapons
 g - a +0 short sword (weapon)
Missiles
 a - a throwing net
 b - 25 stones
Wands
 j - a wand of mindburst (5)
Scrolls
 d - 4 scrolls of identify
 e - a scroll of teleportation
 k - a scroll of silence {unknown}
Potions
 c - a potion of cancellation
 f - a potion of invisibility
 h - 2 potions of ambrosia {unknown}
 i - 2 potions of curing
 l - a potion of might {unknown}
 m - a potion of magic {unknown}


   Skills:
 + Level 1.5 Fighting
 + Level 2.7 Dodging
 + Level 3.8 Stealth
 * Level 3.1 Spellcasting
 * Level 1.2 Conjurations
 - Level 1.0 Transmutations
 * Level 4.2 Earth Magic


You had 3 spell levels left.
You knew the following spells:

 Your Spells              Type           Power      Damage    Failure   Level
a - Sandblast             Erth           38%        2d10      2%          1
b - Stone Arrow           Conj/Erth      28%        3d8       14%         3
c - Mephitic Cloud        Conj/Pois/Air  4%         N/A       34%         3

Your spell library contained the following spells:

 Spells                   Type           Power      Damage    Failure   Level
 Passwall                 Tmut/Erth      10%        N/A       8%          2
 Ignite Poison            Fire/Tmut/Pois 4%         N/A       36%         3
 Petrify                  Tmut/Erth      13%        N/A       43%         4
 Freezing Cloud           Conj/Ice/Air   2%         6-21      97%         5


Dungeon Overview and Level Annotations

Branches:
Dungeon (4/15)
 Temple: D:4-7

Altars:
Wu Jian

Shops:
D:2 ?


Innate Abilities, Weirdness & Mutations

You cannot wear most types of armour.
You are amphibious.
You can wear up to eight rings at the same time.
Your skin changes colour to match your surroundings (Stealth+).
Your rubbery body absorbs attacks. (AC +1, EV +1)
((You are camouflaged when in or above water. (Stealth+)))
You have tentacles for arms and can constrict up to eight enemies at once.


Message History

Casting: Sandblast (safe; 2% risk of failure)
Confirm with . or Enter, or press ? or * to list all spells.
Aiming: Sandblast (safe; 2% risk of failure)
Press: ? - help, Shift-Dir - straight line, f/p - hound skeleton
Aim: a hound skeleton (almost destroyed, 90% to hit)
The blast of sand hits the gnoll!
You kill the gnoll!
Unknown command.
Casting: Sandblast (safe; 2% risk of failure)
Confirm with . or Enter, or press ? or * to list all spells.
Aiming: Sandblast (safe; 2% risk of failure)
Press: ? - help, Shift-Dir - straight line, f/p - hound skeleton
Aim: a hound skeleton (almost destroyed, 90% to hit)
The blast of sand hits the hound skeleton!
You destroy the hound skeleton!
Casting: Sandblast (safe; 2% risk of failure)
Confirm with . or Enter, or press ? or * to list all spells.
Aiming: Sandblast (safe; 2% risk of failure)
Press: ? - help, Shift-Dir - straight line, f - gnoll sergeant
Aim: a gnoll sergeant, wielding a +0 spear, wearing a +0 ring mail and wearing a +0 kite shield (87% to hit)
The blast of sand hits the gnoll sergeant but does no damage.
The gnoll sergeant completely misses you.
Casting: Sandblast (safe; 2% risk of failure)
Confirm with . or Enter, or press ? or * to list all spells.
Aiming: Sandblast (safe; 2% risk of failure)
Press: ? - help, Shift-Dir - straight line, f/p - gnoll sergeant
Aim: a gnoll sergeant, wielding a +0 spear, wearing a +0 ring mail and wearing a +0 kite shield (87% to hit)
The blast of sand hits the gnoll sergeant but does no damage.
The gnoll sergeant hits you from afar with a +0 spear!
Unknown command.
Casting: Sandblast (safe; 2% risk of failure)
Confirm with . or Enter, or press ? or * to list all spells.
Aiming: Sandblast (safe; 2% risk of failure)
Press: ? - help, Shift-Dir - straight line, f/p - gnoll sergeant
Aim: a gnoll sergeant, wielding a +0 spear, wearing a +0 ring mail and wearing a +0 kite shield (87% to hit)
The gnoll sergeant blocks the blast of sand.
The gnoll sergeant hits you from afar with a +0 spear!
Unknown command.
The gnoll sergeant hits you from afar with a +0 spear!
You die...

##8...8# #......
..._.. .... ### ...
....# #.#
....".#.###########
...........ggg.@..#
####..$.#.#######.#
#....#.# #.#
#....#'# #.#
#...g.).. #.#
#...g.... #.#
#......... #.#
#...g..... #.# #.#


You could see a gnoll sergeant and 2 gnolls.

Vanquished Creatures
  Jessica (D:2)
  Terence (D:2)
  A hound skeleton (D:4)
  A gnoll (D:4)
  5 adders
  A worm (D:2)
  5 dart slugs
  3 ball pythons
  7 endoplasms
  5 giant cockroaches
  2 goblins
  6 hobgoblins
  2 jackals (D:1)
  7 kobolds
  3 quokkas
  8 bats
  4 frilled lizards
  6 rats
68 creatures vanquished.

Notes
Turn   | Place    | Note
-------+----------+-------------------------------------------
     0 | D:1      | Kaptain the Octopode Earth Elementalist began the quest for
                  | the Orb.
     0 | D:1      | Reached XP level 1. HP: 11/11 MP: 3/3
   178 | D:1      | Reached XP level 2. HP: 17/17 MP: 1/5
   261 | D:1      | Found a faded altar of an unknown god.
   890 | D:1      | You fall into a shaft and drop 1 floor!
   895 | D:2      | Reached XP level 3. HP: 22/22 MP: 3/6
  1387 | D:2      | Noticed Terence
  1447 | D:2      | Killed Terence
  1448 | D:2      | Reached skill level 1 in Fighting
  1448 | D:2      | Reached XP level 4. HP: 11/28 MP: 0/8
  2167 | D:2      | Learned a level 3 spell: Stone Arrow
  2171 | D:2      | Learned a level 3 spell: Mephitic Cloud
  2188 | D:2      | Noticed Jessica
  2192 | D:2      | Killed Jessica
  2216 | D:2      | Found Agroes's Magic Scroll Shoppe.
  2225 | D:2      | Reached XP level 5. HP: 33/33 MP: 5/9
  2710 | D:3      | Reached skill level 4 in Earth Magic
  3441 | D:4      | Reached skill level 1 in Conjurations
  3545 | D:4      | Found an ornate altar of the Wu Jian Council.
  3564 | D:4      | Slain by a gnoll sergeant

Illustrated notes

Levels and vault maps discovered:
D:1:      ebering_hopf_link, layout_loops_ring, chequers_ecumenical_altar_simple
D:2:      layout_basic, serial_shops, shop, minmay_crystal_room, uniq_jessica,
          uniq_terence
D:3:      layout_loops_ring
D:4:      layout_basic, nzn_wu_jian_council_hall

Skill      XL: |  1  2  3  4  5 |
---------------+----------------+-----
Stealth        | 3 |  3.8
Fighting       | 1 |  1.5
Spellcasting   | 3 |  3.1
Earth Magic    | 4 |  4.2
Conjurations   | 1 |  1.2
Dodging        | |  2.7
Transmutations | |  1.0

Action                   |  1- 3 |  4- 6 || total
-------------------------+-------+-------++-------
Melee: Unarmed           |    28 |       ||    28
       Constrict         |     6 |    12 ||    18
       Tentacles         |     5 |     3 ||     8
       Punch             |     1 |     1 ||     2
       Short sword       |     4 |    34 ||    38
 Cast: Sandblast         |    40 |    36 ||    76
  Use: Scroll            |     1 |     4 ||     5
       Potion            |     1 |       ||     1
 Stab: Sleeping          |     5 |     4 ||     9
Armor: Skin              |     5 |     4 ||     9
Dodge: Dodged            |    25 |    29 ||    54
